 Dungeon Crawl Stone Soup version 0.29.1-2-gbd0b4ee654 (webtiles) character file.

Game seed: 17999833681839953132

18189 zeram the Basher (level 12, 0/77 HPs)
             Began as a Gargoyle Fighter on Nov 2, 2022.
             Was a Follower of Yredelemnul.
             Slain by an eight-headed hydra (4 damage)
             ... on level 2 of the Lair of Beasts.
             The game lasted 00:25:05 (17176 turns).

zeram the Basher (Gargoyle Fighter)                Turns: 17176, Time: 00:25:06

Health: 0/77       AC: 25    Str: 25    XL:     12   Next: 55%
Magic:  12/12      EV:  8    Int:  9    God:    Yredelemnul [*.....]
Gold:   666        SH: 12    Dex:  9    Spells: 11/11 levels left

rFire   + . .      SeeInvis +   a - +1 flail (flame)
rCold   . . .      Faith    .   c - +1 buckler
rNeg    + . .      Spirit   .   t - +0 plate armour
rPois   ∞          Reflect  +   G - +0 helmet
rElec   +          Harm     .   (no cloak)
rCorr   .          Rampage  .   (no gloves)
Will    .....                   (no boots)
Stlth   ..........              v - amulet of reflection
HPRegen 0.22/turn               z - ring of see invisible
MPRegen 0.13/turn               k - ring of protection from fire

@: no status effects
A: sickness immunity, AC +8, negative energy resistance 1, electricity
resistance, torment resistance 1, petrification resistance
a: Renounce Religion, Recall Undead Harvest


You were on level 2 of the Lair of Beasts.
You worshipped Yredelemnul.
Yredelemnul was noncommittal.
You visited 3 branches of the dungeon, and saw 14 of its levels.

You collected 918 gold pieces.
You spent 252 gold pieces at shops.

Inventory:

Hand Weapons
 a - a +1 flail of flaming (weapon)
 D - a +1 antimagic flail
Missiles
 J - 2 throwing nets (quivered)
Armour
 b - a +0 scale mail
 c - a +1 buckler (worn)
 t - a +0 plate armour (worn)
 G - a +0 helmet (worn)
Jewellery
 k - a ring of protection from fire (right hand)
 n - a ring of positive energy
 v - an amulet of reflection (around neck)
 x - a ring of protection from fire
 z - a ring of see invisible (left hand)
 A - an amulet of regeneration
 B - an amulet of magic regeneration
 I - an amulet of faith
Wands
 h - a wand of flame (10)
 r - a wand of digging (12)
 w - a wand of quicksilver (12)
 y - a wand of roots (2)
 F - a wand of mindburst (9)
 L - a wand of paralysis (1)
Scrolls
 m - 5 scrolls of identify
 o - 3 scrolls of vulnerability
 u - 2 scrolls of poison
 C - 2 scrolls of fog
 E - 2 scrolls of enchant armour
 K - 2 scrolls of torment {unknown}
Potions
 d - a potion of haste {unknown}
 e - a potion of heal wounds
 f - 6 potions of lignification
 g - 2 potions of brilliance
 i - 5 potions of degeneration
 l - 3 potions of mutation
 p - a potion of cancellation
 q - a potion of magic
 s - a potion of curing
 H - a potion of flight
 M - a potion of resistance {unknown}


   Skills:
 + Level 10.0 Fighting
 + Level 13.0 Maces & Flails
 + Level 10.9 Armour
 + Level 2.5 Dodging
 + Level 10.2 Shields
 + Level 0.6 Evocations


You had 11 spell levels left.
You didn't know any spells.
Your spell library contained the following spells:

 Spells                   Type           Power      Damage    Failure   Level
 Apportation              Tloc           0%         N/A       99%         1
 Magic Dart               Conj           0%         1d3       99%         1
 Necrotise                Necr           0%         1d4       99%         1
 Summon Small Mammal      Summ           0%         N/A       99%         1
 Call Imp                 Summ           0%         N/A       100%        2
 Static Discharge         Conj/Air       0%         3-3/arc   100%        2
 Frozen Ramparts          Ice            0%         1d1       100%        3
 Mephitic Cloud           Conj/Pois/Air  0%         N/A       100%        3
 Vampiric Draining        Necr           0%         2d6       100%        3
 Dispel Undead            Necr           0%         3d6       100%        4
 Ice Form                 Ice/Tmut       0%         N/A       100%        4
 Sticky Flame             Conj/Fire      0%         2d3       100%        4
 Summon Ice Beast         Ice/Summ       0%         N/A       100%        4
 Agony                    Necr           0%         N/A       100%        5


Dungeon Overview and Level Annotations

Branches:
Dungeon (11/15)            Temple (1/1) D:7            Lair (2/5) D:9
  Swamp: Lair:2-3    Shoals: Lair:2-3     Snake: Lair:2-3    Spider: Lair:2-3
    Orc: D:9-12

Altars:
Ashenzari
Cheibriados
Dithmenos
Elyvilon
Fedhas
Gozag
Hepliaklqana
Kikubaaqudgha
Makhleb
Nemelex Xobeh
Okawaru
Qazlal
Ru
Sif Muna
Uskayaw
Vehumet
Wu Jian
Xom
Yredelemnul
Zin
The Shining One

Shops:
D:3 :   D:7 *(   D:9 ?   D:10 (

Annotations:
Lair:1 1 runed translucent door, Jingleheimer's ghost, journeyman DjCj
Lair:2 1 runed translucent door, RipUnclePhilFR's ghost, journeyman OpFi


Innate Abilities, Weirdness & Mutations

You are immune to sickness and miasma.
Your stone body is resilient. (AC +8)
You are immune to poison.
You resist negative energy. (rN+)
You are resistant to electric shocks. (rElec)
You are resistant to unholy torment.
You are immune to petrification.


Message History

The eight-headed hydra is lightly wounded.
Fannar hits the eight-headed hydra.
Unknown command.
You hit the eight-headed hydra. You burn the eight-headed hydra.
The eight-headed hydra is moderately wounded.
The eight-headed hydra bites you but does no damage. x3
The eight-headed hydra closely misses you.
The eight-headed hydra bites you but does no damage.
You block the eight-headed hydra's attack.
The eight-headed hydra closely misses you.
The eight-headed hydra bites you!
Fannar hits the eight-headed hydra.
You hit the eight-headed hydra. You burn the eight-headed hydra.
The eight-headed hydra is heavily wounded.
The eight-headed hydra bites you but does no damage.
You block the eight-headed hydra's attack.
The eight-headed hydra bites you but does no damage.
You block the eight-headed hydra's attack.
The eight-headed hydra bites you but does no damage.
You block the eight-headed hydra's attack.
The eight-headed hydra bites you but does no damage. x2
You hit the eight-headed hydra. You burn the eight-headed hydra.
The eight-headed hydra is heavily wounded.
The eight-headed hydra bites you but does no damage. x2
The eight-headed hydra bites you.
The eight-headed hydra barely misses you.
You block the eight-headed hydra's attack.
The eight-headed hydra bites you but does no damage.
The eight-headed hydra bites you! x2
* * * LOW HITPOINT WARNING * * *
Fannar barely misses the eight-headed hydra.
You sock the eight-headed hydra! You burn the eight-headed hydra!
The eight-headed hydra is severely wounded.
You block the eight-headed hydra's attack. x2
The eight-headed hydra bites you.
* * * LOW HITPOINT WARNING * * *
The eight-headed hydra bites you!
* * * LOW HITPOINT WARNING * * *
The eight-headed hydra bites you.
You die...
Your body rises from the dead as a mindless zombie.

~...## ##..#.....♣♣8.....##.###
.... ####.....♣$♣....###...#
....#### #......♣♣♣....##....#
.......### ##+.#..P...P.♣.#...#..
.....#...###....♣.......♣........
.....#....##.....♣...[..#........
.#........#.......#..............
...#...##..+...ZD........#.......
.....#.##.##.(..@.#....#.#.......
.#......#####+..#############.###
##..##### #...###### #..## ##..#
#####.+#..#.# #...# #.##
#......Z...## ###.### ##.#
#....[..#..# #....# .#..#
##.......#.# ##..##
..)|#######....##...# #.P#
.....##..#......#...# #†##


You could see an eight-headed hydra (ally target) and the friendly Fannar the
elf zombie.

Vanquished Creatures
  A hydra (Lair:2)
  Fannar (Lair:2)
  A two-headed ogre (D:9)
  Urug (Lair:2)
  An ugly thing (D:10)
  A black mamba (Lair:2)
  A cane toad (Lair:2)
  An unseen horror (D:10)
  2 komodo dragons (Lair:1)
  A hornet (D:10)
  2 trolls
  14 blink frogs
  Prince Ribbit (D:8)
  28 yaks
  5 wyverns
  A steam dragon (D:9)
  A basilisk (Lair:2)
  5 water moccasins
  2 ice beasts
  3 black bears
  3 orc warriors
  4 ogres
  4 sky beasts
  5 wolves (Lair:1)
  3 centaurs
  2 phantoms
  2 kobold brigands
  8 bullfrogs
  A necrophage (D:4)
  2 gnoll sergeants
  4 scorpions
  4 wights
  5 killer bees (D:8)
  2 howler monkeys
  4 electric eels
  2 jellies
  3 gnoll boudas
  2 orc priests (D:6)
  3 hounds
  Ijyb (D:3)
  Natasha (thrice) (D:2)
  5 iguanas
  9 orc wizards
  16 gnolls
  7 adders
  3 shadow imps
  2 white imps
  An ufetubus (D:6)
  3 worms
  The ghost of xian the Sneak, a weakling DEDe (D:5)
  19 orcs
  5 bats
  10 endoplasms
  4 giant cockroaches
  6 goblins
  13 hobgoblins
  2 jackals (D:4)
  23 kobolds
  5 ball pythons
  2 frilled lizards
  13 rats
289 creatures vanquished.

Vanquished Creatures (others)
  A bullfrog (D:9)
  An orc wizard (D:6)
  A gnoll (D:6)
  2 kobolds (D:9)
  33 fungi
  93 plants
  2 withered plants (D:5)
133 creatures vanquished.

Grand Total: 422 creatures vanquished

Notes
Turn   | Place    | Note
-------+----------+-------------------------------------------
     0 | D:1      | zeram the Gargoyle Fighter began the quest for the Orb.
     0 | D:1      | Reached XP level 1. HP: 14/14 MP: 1/1
   189 | D:1      | Reached XP level 2. HP: 15/19 MP: 2/2
   261 | D:1      | Found a faded altar of an unknown god.
   541 | D:1      | Reached XP level 3. HP: 22/23 MP: 3/3
  1351 | D:2      | Reached XP level 4. HP: 29/29 MP: 4/4
  1369 | D:2      | Reached skill level 3 in Maces & Flails
  1745 | D:2      | Noticed Natasha
  1751 | D:2      | Killed Natasha
  1889 | D:2      | Noticed Natasha
  1893 | D:2      | Killed Natasha
  1894 | D:2      | Reached XP level 5. HP: 33/33 MP: 5/5
  2266 | D:2      | Noticed Natasha
  2277 | D:2      | Killed Natasha
  2672 | D:3      | Reached skill level 4 in Maces & Flails
  2854 | D:3      | Found a radiant altar of Vehumet.
  2859 | D:3      | Noticed Ijyb
  2859 | D:3      | Paralysed by Ijyb for 4 turns
  2880 | D:3      | Killed Ijyb
  2881 | D:3      | Reached XP level 6. HP: 23/38 MP: 6/6
  3298 | D:3      | Found Ostih's Book Emporium.
  4089 | D:4      | Reached skill level 5 in Maces & Flails
  4089 | D:4      | Reached skill level 1 in Dodging
  4089 | D:4      | Reached XP level 7. HP: 28/44 MP: 7/7
  4231 | D:4      | Reached skill level 5 in Armour
  4575 | D:5      | Entered Level 5 of the Dungeon
  4578 | D:5      | Found a runed translucent door.
  4578 | D:5      | Noticed xian's ghost (weakling DEDe)
  4699 | D:5      | Reached skill level 6 in Maces & Flails
  4935 | D:5      | Reached XP level 8. HP: 28/48 MP: 8/8
  5217 | D:5      | Reached skill level 5 in Fighting
  5553 | D:5      | Found a hazy altar of Hepliaklqana.
  5628 | D:5      | Noticed a yak
  5628 | D:5      | Noticed a yak
  5628 | D:5      | Noticed a yak
  5653 | D:6      | Reached skill level 7 in Maces & Flails
  5973 | D:6      | Killed a yak
  5996 | D:6      | Reached XP level 9. HP: 49/55 MP: 9/9
  6057 | D:6      | Reached skill level 8 in Maces & Flails
  6720 | D:6      | Reached skill level 5 in Shields
  7192 | D:5      | Found a sacrificial altar of Ru.
  7491 | D:5      | Reached skill level 9 in Maces & Flails
  7771 | D:5      | Killed xian's ghost
  8698 | D:8      | Reached XP level 10. HP: 47/61 MP: 10/10
  9177 | D:9      | Found Dulown's Magic Scroll Emporium.
  9178 | D:9      | Noticed a two-headed ogre
  9229 | D:10     | Entered Level 10 of the Dungeon
  9567 | D:9      | Reached skill level 10 in Maces & Flails
 10000 | D:9      | Bought a scroll of identify for 22 gold pieces
 10000 | D:9      | Bought a scroll of fog for 44 gold pieces
 10000 | D:9      | Bought a scroll of brand weapon for 104 gold pieces
 10000 | D:9      | Bought a scroll of enchant weapon for 82 gold pieces
 10105 | D:9      | Killed a two-headed ogre
 10674 | D:9      | Found a staircase to the Lair.
 11122 | D:9      | Found a white marble altar of Elyvilon.
 11388 | D:7      | Noticed Prince Ribbit
 11500 | D:8      | Killed Prince Ribbit
 11711 | D:7      | Reached XP level 11. HP: 64/68 MP: 11/11
 11730 | D:7      | Found a sparkling altar of Nemelex Xobeh.
 11794 | D:7      | Found Qisuith's Weapon Shop.
 11890 | D:7      | Found a hazy altar of Hepliaklqana.
 11895 | D:7      | Found Ziuloskump's General Store.
 12115 | D:7      | Found a staircase to the Ecumenical Temple.
 12319 | Temple   | Entered the Ecumenical Temple
 12595 | D:10     | Reached skill level 11 in Maces & Flails
 12749 | D:10     | Found a broken altar of Ashenzari.
 13145 | D:10     | Found an opulent altar of Gozag.
 13544 | D:10     | Found a shimmering altar of Xom.
 13638 | D:10     | Found Davat's Weapon Emporium.
 13786 | D:11     | Noticed a cyan ugly thing
 13809 | D:10     | Killed a cyan ugly thing
 13963 | Lair:1   | Entered Level 1 of the Lair of Beasts
 14066 | Lair:1   | Found a runed translucent door.
 14066 | Lair:1   | Found a shimmering altar of Xom.
 14066 | Lair:1   | Noticed Jingleheimer's ghost (journeyman DjCj)
 14067 | Lair:1   | Noticed a +0 hand axe of chaos
 14224 | Lair:1   | Reached skill level 12 in Maces & Flails
 15274 | Lair:2   | Reached skill level 10 in Armour
 15392 | Lair:2   | Reached XP level 12. HP: 52/76 MP: 12/12
 15510 | Lair:2   | Noticed an eight-headed hydra
 15905 | Lair:2   | Noticed a four-headed hydra
 15915 | Lair:2   | Killed a four-headed hydra
 15942 | Lair:2   | Found a runed translucent door.
 15942 | Lair:2   | Noticed RipUnclePhilFR's ghost (journeyman OpFi)
 16015 | Lair:2   | Found the +2 ratskin cloak {*Rats rPois rN+ Str-1 Int-1
                  | Dex+1}
 16119 | Lair:2   | Reached skill level 10 in Shields
 16405 | Lair:2   | Identified the +0 robe of Relativism {Rampage rF- rCorr
                  | Str-5}
 16733 | Temple   | Became a worshipper of Yredelemnul the Dark
 16914 | Lair:2   | Noticed Urug
 16917 | Lair:2   | Noticed Fannar
 16924 | Lair:2   | Killed Urug
 16936 | Lair:2   | Killed Fannar
 16936 | Lair:2   | Reached * piety under Yredelemnul
 16937 | Lair:2   | Reached skill level 10 in Fighting
 16937 | Lair:2   | Reached skill level 13 in Maces & Flails
 17176 | Lair:2   | Slain by an eight-headed hydra

Illustrated notes

Levels and vault maps discovered:
D:1:      dpeg_arrival_water_fire, layout_basic, shapermc_ecumenical_altar_gd,
          minmay_misc_feat_alley, nrook_mini_backslash
D:2:      layout_basic, uniq_natasha
D:3:      layout_basic, mainiacjoe_overflow_concentric_impassable, serial_shops,
          shop, minivault_25, minmay_liquid_box, st_stairs_7,
          grunt_ministairs_1, uniq_ijyb
D:4:      layout_basic
D:5:      minmay_general_purpose_star, layout_basic,
          nicolae_ru_great_annihilating_truth, nicolae_hepliaklqana_hippocampus,
          gammafunk_ghost_grave
D:6:      layout_basic, serial_glass, glass_columns_c, glass_columns_a,
          minmay_statues_item
D:7:      layout_rooms, minmay_temple_entry_sparse_star, serial_shops,
          nicolae_diamond_shop, nicolae_shop_stone, minivault_5,
          hangedman_feature_mirror, uniq_prince_ribbit1
D:8:      layout_loops_corners
D:9:      layout_cave_pods, marbit_many_paths, grunt_lair_entry_orc_guard_hut,
          serial_shops, nicolae_diamond_shop, serial_bayou, serial_bayou_pond_e,
          serial_bayou_lagoon_b, serial_bayou_pond_c, serial_bayou_lagoon_a
D:10:     layout_irregular_city, nicolae_gozag_cash_rules_everything_around_me,
          evilmike_ruin_ashenzari, nicolae_overflow_hidden_temple, serial_shops,
          nicolae_shop_bloodbath_and_beyond
D:11:     layout_basic, orc_0_dummy
Temple:   nicolae_temple_superstar
Lair:1:   layout_regular_city, ebering_ghost_xom, grunt_megastairs_5
Lair:2:   layout_roguey, minmay_shoals_entry_hut, ebering_ghost_inner_flame,
          grunt_forest_small_clearing_treed, uniq_urug, uniq_fannar

Skill      XL: |  1  2  3  4  5  6  7  8  9 10 11 12 |
---------------+-------------------------------------+-----
Maces & Flails | 3 4 5 6 7 9 10 12 13 | 13.0
Armour         | 4 5 6 7 9 10 | 10.9
Fighting       | 4 5 6 7 9 10 | 10.0
Shields        | 4 6 7 9 10 | 10.2
Dodging        | 1 2 |  2.5
Evocations     | |  0.6

Action                   |  1- 3 |  4- 6 |  7- 9 | 10-12 || total
-------------------------+-------+-------+-------+-------++-------
Melee: Flail             |   104 |   196 |   430 |   759 ||  1489
Evoke: Wand              |       |       |       |     7 ||     7
  Use: Scroll            |     5 |     4 |     8 |     8 ||    25
       Potion            |       |     1 |     3 |     7 ||    11
 Stab: Paralysed         |       |       |     1 |    18 ||    19
Armor: Scale mail        |    58 |    72 |    35 |       ||   165
       Plate armour      |       |       |   162 |   480 ||   642
Dodge: Dodged            |    58 |    73 |   135 |   201 ||   467
Block: Buckler           |    19 |    42 |   196 |   455 ||   712
       Reflection        |       |       |    10 |     5 ||    15
